 Dungeon Crawl Stone Soup version 0.19.1 (webtiles) character file.

496 Monsterracer the Firebug (level 6, -4/32 HPs)
             Began as a Deep Elf Fire Elementalist on Nov 24, 2016.
             Killed by divine providence
             ... invoked by an orc priest
              (10 damage)
             ... on level 4 of the Dungeon.
             The game lasted 00:10:51 (4675 turns).

Monsterracer the Firebug (DEFE)                     Turns: 4675, Time: 00:10:52

Health: -4/32      AC:  8    Str:  6    XL:     6   Next: 93%
Magic:  2/14       EV: 12    Int: 21    God:
Gold:   204        SH:  4    Dex: 15    Spells: 3 memorised, 6 levels left

rFire  . . .     SeeInvis .     q - +2 dagger (protect)
rCold  . . .     Gourm    .     n - +0 leather armour {rPois}
rNeg   . . .     Faith    .     (no shield)
rPois  +         Spirit   .     (no helmet)
rElec  .         Reflect  .     k - +0 cloak (curse)
rCorr  .         Harm     .     (no gloves)
MR     +....                    (no boots)
Stlth  ++........               (no amulet)
                                p - ring of protection from magic
                                l - +4 ring of protection

@: no status effects
A: large bone plates 1
a: no special abilities


You were on level 4 of the Dungeon.
You were not hungry.

You visited 1 branch of the dungeon, and saw 4 of its levels.

You collected 204 gold pieces.

Inventory:

Hand Weapons
 q - a +2 dagger of protection (weapon)
Armour
 k - a cursed +0 cloak (worn)
 n - a +0 leather armour of poison resistance (worn)
 s - a +0 robe of magic resistance
Jewellery
 l - a +4 ring of protection (left hand)
 p - a ring of protection from magic (right hand)
Scrolls
 d - 5 scrolls of identify
 e - 4 scrolls of teleportation {unknown}
 h - 2 scrolls of remove curse {unknown}
 i - 2 scrolls of immolation {unknown}
 j - a scroll of blinking {unknown}
 r - 3 scrolls of recharging {unknown}
Potions
 g - 3 potions of curing
 t - a potion of cancellation
 u - a potion of flight
Books
 b - a book of Flames

   Spells                             Type                      Level
   a - Flame Tongue                   Conjuration/Fire             1
   b - Throw Flame                    Conjuration/Fire             2
   c - Conjure Flame                  Conjuration/Fire             3
   d - Inner Flame                    Hexes/Fire                   3
   e - Sticky Flame                   Conjuration/Fire             4
   f - Fireball                       Conjuration/Fire             5
Comestibles
 a - a meat ration
 c - 6 bread rations
 f - 2 beef jerkies
 o - 3 fruits


   Skills:
 - Level 2.4 Dodging
 - Level 2.4 Stealth
 + Level 4.5 Spellcasting
 * Level 5.3 Conjurations
 * Level 6.1 Fire Magic


You had 6 spell levels left.
You knew the following spells:

 Your Spells              Type           Power        Failure   Level  Hunger
a - Flame Tongue          Conj/Fire      ####.        1%          1    None
b - Conjure Flame         Conj/Fire      ####....     8%          3    ##.....
c - Sticky Flame          Conj/Fire      ####....     21%         4    ####...


Dungeon Overview and Level Annotations

Branches:
Dungeon (4/15)
 Temple: D:4-7

Altars:
Kikubaaqudgha
Zin

Shops:
D:4 ?


Innate Abilities, Weirdness & Mutations

You are partially covered in large bone plates. (SH +4)


Message History

Casting: Flame Tongue
Confirm with . or Enter, or press ? or * to list all spells.
Aiming: Flame Tongue
Press: ? - help, Shift-Dir - straight line, f/p - orc priest
Aim: an orc priest, wielding a whip (moderately wounded)
The flame tongue hits the orc priest.
The orc priest is heavily wounded.
Casting: Flame Tongue
Confirm with . or Enter, or press ? or * to list all spells.
Aiming: Flame Tongue
Press: ? - help, Shift-Dir - straight line, f/p - orc priest
Aim: an orc priest, wielding a whip (heavily wounded)
The flame tongue misses the orc priest.
The flame tongue hits the orc priest.
The orc priest is lightly wounded.
The orc priest calls down the wrath of Beogh upon you.
Beogh smites you!
* * * LOW HITPOINT WARNING * * *
The orc priest calls down the wrath of Beogh upon you.
Beogh smites you!
You die...

#.......#.### .##.
#.......#.... .>.
#.......##### ..#
########### .o#
#####...## #o#
#....###.## #ยง#
#.#.## ##.# #.#
#...# #..
#@#######..## ##.#
#.........#.###.##
############...##.
######. #. ## #


You could see 2 orc priests.

Vanquished Creatures
  An ogre (D:4)
  2 scorpions (D:4)
  2 orc priests
  Crazy Yiuf (D:3)
  A hound (D:4)
  An iguana (D:4)
  3 orc wizards (D:4)
  An adder (D:3)
  An ooze (D:1)
  2 worms
  A leopard gecko (D:2)
  6 orcs
  A ball python (D:3)
  5 giant cockroaches
  6 goblins
  10 hobgoblins
  2 jackals (D:3)
  4 kobolds
  3 quokkas
  8 bats
  6 frilled lizards
  A jackal skeleton (D:4)
  6 rats
74 creatures vanquished.

Notes
Turn   | Place    | Note
-------+----------+-------------------------------------------
     0 | D:1      | Monsterracer the Deep Elf Fire Elementalist began the quest for the Orb.
     0 | D:1      | Reached XP level 1. HP: 10/10 MP: 6/6
    23 | D:1      | Gained mutation: You are partially covered in large bone plates. (SH +4) [potion of mutation]
    23 | D:1      | Gained mutation: Your magical capacity is low. (-10% MP) [potion of mutation]
    23 | D:1      | Gained mutation: Your spells are a little easier to cast, but a little less powerful. [potion of mutation]
   355 | D:1      | Reached XP level 2. HP: 15/15 MP: 0/7
  1504 | D:2      | Found an ancient bone altar of Kikubaaqudgha.
  1516 | D:2      | Reached skill level 4 in Fire Magic
  1516 | D:2      | Reached XP level 3. HP: 7/19 MP: 0/8
  1705 | D:2      | Learned a level 3 spell: Conjure Flame
  1943 | D:2      | Found a glowing silver altar of Zin.
  2679 | D:3      | Lost mutation: Your spells are a little easier to cast, but a little less powerful. [potion of cure mutation]
  2679 | D:3      | Lost mutation: Your magical capacity is low. (-10% MP) [potion of cure mutation]
  3057 | D:3      | Reached XP level 4. HP: 24/24 MP: 8/10
  3206 | D:3      | Found a runed door.
  3215 | D:3      | Learned a level 4 spell: Sticky Flame
  3574 | D:3      | Noticed Crazy Yiuf
  3578 | D:3      | Killed Crazy Yiuf
  3708 | D:3      | Reached XP level 5. HP: 24/28 MP: 6/12
  3795 | D:4      | Reached skill level 5 in Fire Magic
  4344 | D:4      | Reached XP level 6. HP: 32/32 MP: 11/14
  4371 | D:4      | Reached skill level 5 in Conjurations
  4457 | D:4      | Found Biwkoch's Magic Scroll Shop.
  4669 | D:4      | Reached skill level 6 in Fire Magic
  4675 | D:4      | Killed from afar by an orc priest

Skill      XL: |  1  2  3  4  5  6 |
---------------+-------------------+-----
Conjurations   | 2 3 4 5 |  5.3
Fire Magic     | 4 5 6 |  6.1
Spellcasting   | 4 |  4.5
Dodging        | |  2.4
Stealth        | |  2.4

Action                   |  1- 3 |  4- 6 || total
-------------------------+-------+-------++-------
Melee: Unarmed           |     4 |       ||     4
 Cast: Flame Tongue      |    93 |    67 ||   160
       Conjure Flame     |     1 |     1 ||     2
       Sticky Flame      |       |     2 ||     2
  Use: Potion            |     6 |     3 ||     9
       Scroll            |     1 |       ||     1
 Stab: Sleeping          |     1 |       ||     1
  Eat: Chunk             |     6 |     6 ||    12
Armor: Robe              |     9 |       ||     9
       Leather armour    |     3 |     8 ||    11
Dodge: Dodged            |    23 |     6 ||    29
Block: Other             |     7 |     2 ||     9
